 Dungeon Crawl Stone Soup version 0.22-a0-601-gb0ed703ee0 (webtiles) character file.

59 LordofOblivion the Chiller (level 3, -2/27 HPs)
             Began as a Draconian Ice Elementalist on July 7, 2018.
             Slain by an adder (3 damage)
             ... on level 2 of the Dungeon.
             The game lasted 00:08:36 (1270 turns).

LordofOblivion the Chiller (DrIE)                   Turns: 1270, Time: 00:08:37

Health: -2/27      AC:  5    Str: 10    XL:     3   Next: 78%
Magic:  2/7        EV: 12    Int: 16    God:
Gold:   59         SH:  0    Dex: 11    Spells: 6/7 levels left

rFire    . . .     SeeInvis .   m - +0 hunting sling
rCold    . . .     Gourm    .   (no shield)
rNeg     . . .     Faith    .   (armour unavailable)
rPois    .         Spirit   .   (helmet restricted)
rElec    .         Reflect  .   (no cloak)
rCorr    .         Harm     .   (no gloves)
MR       .....                  (no boots)
Stlth    ++........             (no amulet)
HPRegen  0.09/turn              (no ring)
MPRegen  0.10/turn              (no ring)

@: lethally poisoned (-2 -> -8)
A: unfitting armour, cold-blooded, AC +5
a: no special abilities


You were on level 2 of the Dungeon.
You were not hungry.

You visited 1 branch of the dungeon, and saw 2 of its levels.

You collected 59 gold pieces.

Inventory:

Hand Weapons
 d - a +0 dagger
 e - a +0 short sword
 m - a +0 hunting sling (weapon)
 r - a +0 vampiric dagger
Missiles
 f - 33 stones (quivered)
 j - 20 arrows
 p - 18 poisoned needles
Armour
 a - a +0 leather armour
 k - a +0 scale mail
 o - a cursed +0 robe
Scrolls
 c - a scroll of teleportation {unknown}
 h - a scroll of noise {unknown}
 i - a scroll of magic mapping {unknown}
 l - 3 scrolls of identify {unknown}
 n - a scroll of remove curse {unknown}
Potions
 g - a potion of might {unknown}
 q - 2 potions of brilliance {unknown}
Comestibles
 b - 2 rations


   Skills:
 + Level 0.3 Fighting
 + Level 1.1 Slings
 + Level 2.0 Dodging
 + Level 1.8 Stealth
 + Level 2.7 Spellcasting
   Level 1.0 Conjurations
 + Level 3.6 Ice Magic


You had 6 spell levels left.
You knew the following spells:

 Your Spells              Type           Power        Failure   Level  Hunger
a - Freeze                Ice            ##..         4%          1    #......

Your spell library contained the following spells:

 Spells                   Type           Power        Failure   Level  Hunger
 Throw Frost              Conj/Ice       #.....       11%         2    ##.....
 Summon Ice Beast         Ice/Summ       #.......     65%         4    #####..
 Ozocubu's Armour         Chrm/Ice       #.......     26%         3    ###....
 Throw Icicle             Conj/Ice       #.......     58%         4    #####..


Dungeon Overview and Level Annotations

Branches:
Dungeon (2/15)

Altars:


Innate Abilities, Weirdness & Mutations

Your plain brown scales are hard. (AC +5)
You cannot fit into any form of body armour.
You are cold-blooded and may be slowed by cold attacks.


Message History

* * * LOW HITPOINT WARNING * * *
The kobold completely misses you. The kobold barely misses you.
The adder bites you.
* * * LOW HITPOINT WARNING * * *
Firing (i - inventory)
f - 35 stones (quivered)
Press: ? - help, Shift-Dir - straight line, f/p - adder
Aim: an adder (severely wounded)
You shoot a stone. The stone misses the adder.
* * * LOW HITPOINT WARNING * * *
You feel sick. The kobold closely misses you. The adder barely misses you.
The kobold barely misses you. x2
Firing (i - inventory)
f - 34 stones (quivered)
Press: ? - help, Shift-Dir - straight line, f/p - adder
Aim: an adder (severely wounded)
You shoot a stone. The stone barely misses the adder.
The stone hits the frilled lizard.
You kill the frilled lizard!
The adder barely misses you. The kobold hits you but does no damage.
The adder bites you.
You die...

(..(...>...#
...........#
..........###
.........(.
#(..(...###
#.r.(.(...#
#..KSK..#
#...@...#
#...((..#
##..#####
#....# ##.#.#
#.#.# #.. .
#.[.## ....


You could see an adder, 2 kobolds and a rat.

Vanquished Creatures
  An iguana (D:2)
  2 leopard geckos (D:1)
  2 bats
  7 goblins (D:1)
  4 hobgoblins (D:1)
  2 jackals (D:2)
  4 kobolds (D:1)
  3 frilled lizards
  A rat (D:1)
26 creatures vanquished.

Notes
Turn   | Place    | Note
-------+----------+-------------------------------------------
     0 | D:1      | LordofOblivion the Draconian Ice Elementalist began the quest for the Orb.
     0 | D:1      | Reached XP level 1. HP: 14/14 MP: 3/3
   628 | D:1      | Reached XP level 2. HP: 18/20 MP: 5/5
  1246 | D:2      | Reached XP level 3. HP: 26/26 MP: 6/6
  1261 | D:2      | Reached skill level 1 in Slings
  1269 | D:2      | HP: 1/27 [poisoned by an adder]
  1270 | D:2      | Slain by an adder

Vault maps used:
D:1:      sevenhm_arrival_forest_fort_large_4, serial_bayou_crossing
D:2:      led_sif_pool

Skill      XL: |  1  2  3 |
---------------+----------+-----
Dodging        | 2 |  2.0
Slings         | 1 |  1.1
Fighting       | |  0.3
Stealth        | |  1.8
Spellcasting   | |  2.7
Conjurations   | |  1.0
Ice Magic      | |  3.6

Action                   || total
-------------------------++-------
Melee: Dagger            ||     9
       Short sword       ||     4
       Tailslap          ||     2
       Unarmed           ||     1
       Hunting sling     ||     5
 Fire: Hunting sling     ||    29
 Cast: Freeze            ||    26
  Eat: Ration            ||     1
Armor: Skin              ||    14
Dodge: Dodged            ||    62

Table legend:
 A = Spawn XP
 B = Non-spawn XP
 C = Spawn XP percentage of total XP
 D = Spawn monster count
 E = Non-spawn monster count
 F = Spawn count percentage of total count
 G = Total turns spent on level
                    A         B        C        D         E        F      G
               +---------+---------+-------+---------+---------+-------+---------
         Total |       0 |      85 |   0.0 |       0 |      26 |   0.0 |  1270
               +---------+---------+-------+---------+---------+-------+---------
           D:1 |       0 |      39 |   0.0 |       0 |      21 |   0.0 |  1243
           D:2 |       0 |      46 |   0.0 |       0 |       5 |   0.0 |    27
               +---------+---------+-------+---------+---------+-------+---------
